Map: Acropolis LE

Players

xKawaiian

  • Race: Terran Terran
  • Spawn Location: 11:00

HolyHit - Winner!

  • Race: Protoss Protoss
  • Spawn Location: 5:00

VOD

Have the link to the VOD?

Description

Time

  • Played on: Sept. 6, 2019, 1:20 p.m.
  • Length: 5:06
Show
View Real Time Build Order
Export as new Build Order

xKawaiian Terran 

Build Orders: Liberator Opening 

Get SALT Encoding   

  12  0:00  SCV  
  13  0:12  SCV  
  14  0:17  Supply Depot  
  14  0:24  SCV  
  15  0:39  SCV  
  15  0:40  Barracks  
  16  0:45  Refinery  
  16  0:51  SCV  
  16  0:56  Refinery  
  17  1:03  SCV  
  18  1:15  SCV  
  19  1:27  Orbital Command  
  19  1:28  Reaper  
  20  1:40  Supply Depot  
  20  1:44  Factory  
  20  1:53  SCV  
  21  2:05  SCV  
  21  2:06  Supply Depot  
  22  2:10  Barracks Reactor  
  22  2:17  SCV  
  23  2:29  SCV  
  24  2:34  Widow Mine  
  25  2:38  Starport  
  25  2:42  SCV  
  26  2:47  Marine x2  
  28  2:54  SCV  
  28  2:55  Widow Mine  
  31  3:05  Marine x2  
  33  3:12  Supply Depot  
  29  3:22  Marine  
  29  3:23  Barracks, Marine  
  29  3:27  Factory Tech Lab  
  29  3:34  SCV  
  30  3:40  Marine x2  
  32  3:52  Siege Tank  
  32  3:58  SCV, Marine  
  32  3:59  Liberator  
  34  4:05  Supply Depot  
  32  4:10  Marine x2  
  32  4:11  SCV  
  35  4:19  Marine  
  33  4:24  Siege Tank  
  33  4:28  SCV, Marine  
  38  4:37  Marine  
  39  4:42  Marine  
Show
View Real Time Build Order
Export as new Build Order

HolyHit Protoss - Winner!

Build Orders: 1 Gate Expand 

Get SALT Encoding   

  12  0:00  Probe  
  13  0:12  Probe  
  14  0:18  Pylon  
  14  0:24  Probe  
  15  0:32  Probe  
  15  0:38  Gateway  
  15  0:40  Probe  
  16  0:46  Assimilator  
  17  0:51  Probe  
  18  1:03  Probe  
  19  1:15  Probe  
  20  1:30  Probe  
  20  1:31  Cybernetics Core  
  21  1:39  Nexus  
  21  1:44  Pylon  
  21  1:46  Probe  
  22  1:50  Assimilator  
  22  1:59  Stalker  
  22  2:05  Probe  
  25  2:17  Warp Gate, Probe  
  25  2:19  Shield Battery  
  24  2:27  Stalker  
  24  2:29  Probe  
  25  2:48  Robotics Facility  
  25  3:01  Stalker  
  26  3:26  Probe  
  27  3:29  Observer  
  27  3:30  Probe  
  27  3:34  Gateway  
  28  3:36  Gateway  
  29  3:49  Pylon  
  29  3:53  Probe  
  30  3:59  Immortal  
  34  4:12  Stalker  
  34  4:13  Probe  
  34  4:15  Probe  
  38  4:27  Probe  
  38  4:31  Stalker x2  
Tags
 
Add a new tag
Caveats
  • Supply blocks, unpowered buildings, or Contaminate may cause inaccurate times.
  • Supply counts are checked every 10 seconds.